[Event "Titled Tuesday Blitz August 23 Early 2022"]
[White "Sarana, Alexey"]
[Black "Agibileg, Uurtsaikh"]
[WhiteFideId "24133795"]
[BlackFideId "4901606"]
[WhiteElo "2666"]
[BlackElo "2205"]
[Result "1-0"]
[Round "02"]
[TimeControl "180+1"]
[Date "2022.08.23"]
[WhiteClock "0:01:10"]
[BlackClock "0:00:12"]

1. d4 Nf6 2. c4 g6 3. Nc3 Bg7 4. g3 O-O 5. Bg2 c6 6. e4 d6 7. Nf3 Nfd7 8. O-O c5 9. Be3 Nc6 10. h3 cxd4 11. Nxd4 Nxd4 12. Bxd4 Bxd4 13. Qxd4 Qb6 14. Qd2 Nf6 15. b3 Be6 16. Kh2 a6 17. f4 Qc5 18. Rac1 Rfd8 19. g4 Bd7 20. g5 Ne8 21. Nd5 e6 22. Ne3 Bc6 23. Ng4 Rac8 24. b4 Qb6 25. Qb2 Qc7 26. Nh6+ Kf8 27. b5 Bd7 28. Qh8+ Ke7 29. Ng8+ Kf8 30. Nf6+ Ke7 31. Nxh7 Bxb5 32. Qf8+ Kd7 33. Qxf7+ 1-0


[Site "https://www.chess.com"]

[Event "Titled Tuesday Blitz August 23 Early 2022"]
[White "Sirosh, Ilja"]
[Black "Beerdsen, Thomas"]
[WhiteFideId "4500458"]
[BlackFideId "1030108"]
[WhiteElo "2255"]
[BlackElo "2567"]
[Result "1-0"]
[Round "02"]
[TimeControl "180+1"]
[Date "2022.08.23"]
[WhiteClock "0:00:02"]
[BlackClock "0:00:02"]

1. e4 e5 2. Nf3 Nc6 3. Bc4 Nf6 4. d3 h6 5. c3 d6 6. O-O g5 7. a4 g4 8. Nfd2 h5 9. f4 exf4 10. Rxf4 Bh6 11. Rf1 Ne5 12. d4 Nxc4 13. Nxc4 Nxe4 14. Bxh6 Rxh6 15. Nbd2 Nf6 16. Qe2+ Qe7 17. Qd3 Be6 18. Rfe1 Nd5 19. a5 a6 20. b4 Kf8 21. Rf1 Kg7 22. Rae1 Qg5 23. Ne4 Qg6 24. Ne3 Re8 25. c4 Nxb4 26. Qb1 c5 27. d5 Bd7 28. Qb2+ Kf8 29. Nf6 Re7 30. Nxd7+ Rxd7 31. Nf5 Nd3 32. Qe2 Nxe1 33. Nxh6 Nf3+ 34. Kh1 Qxh6 35. gxf3 Re7 36. Qd3 Qe3 37. Qf5 gxf3 38. Qxh5 Qd4 39. Qh6+ Ke8 40. Qh3 Qe4 41. Qc8# 1-0


[Site "https://www.chess.com"]

[Event "Titled Tuesday Blitz August 23 Early 2022"]
[White "Skliarov, Viktor"]
[Black "Theodorou, Nikolas"]
[WhiteFideId "14106736"]
[BlackFideId "4262875"]
[WhiteElo "2257"]
[BlackElo "2484"]
[Result "1/2-1/2"]
[Round "02"]
[TimeControl "180+1"]
[Date "2022.08.23"]
[WhiteClock "0:00:36"]
[BlackClock "0:00:59"]

1. e4 e5 2. Nc3 Nf6 3. Bc4 Nc6 4. d3 Bc5 5. a3 d6 6. h3 Be6 7. Nd5 Bxd5 8. exd5 Ne7 9. Qf3 h6 10. Ne2 c6 11. dxc6 bxc6 12. b4 Bb6 13. O-O d5 14. Bb3 O-O 15. Bxh6 e4 16. dxe4 dxe4 17. Qf4 Ng6 18. Qf5 Nd5 19. Bg5 Qc8 20. Qxc8 Raxc8 21. c4 Nde7 22. c5 Bc7 23. Rad1 Rfd8 24. Nc3 Bf4 25. Nxe4 Bxg5 26. Nxg5 Nd5 27. Bxd5 cxd5 28. Rd4 Ne7 29. Rfd1 a5 30. h4 g6 31. Nh3 axb4 32. axb4 Nc6 33. Rxd5 Rxd5 34. Rxd5 Nxb4 35. Rd7 Rxc5 36. Ng5 Rf5 37. g3 Nc6 38. Kg2 1/2-1/2


[Site "https://www.chess.com"]

[Event "Titled Tuesday Blitz August 23 Early 2022"]
[White "Subelj, Jan"]
[Black "Zou, Chen"]
[WhiteFideId "14618583"]
[BlackFideId "8610959"]
[WhiteElo "2331"]
[BlackElo "2276"]
[Result "1-0"]
[Round "02"]
[TimeControl "180+1"]
[Date "2022.08.23"]
[WhiteClock "0:00:17"]
[BlackClock "0:00:14"]

1. Nf3 Nf6 2. g3 g6 3. Bg2 Bg7 4. O-O O-O 5. c4 d6 6. Nc3 e5 7. d3 Nc6 8. Bg5 h6 9. Bd2 Nh7 10. Rb1 a5 11. Nd5 Ne7 12. Nxe7+ Qxe7 13. Qc1 g5 14. Ne1 f5 15. Nc2 Kh8 16. a3 a4 17. Nb4 c6 18. e3 Be6 19. Bc3 h5 20. f4 h4 21. Qd2 Rae8 22. Rbe1 Qf7 23. Qc2 Ra8 24. Rf2 Qg6 25. gxh4 gxh4 26. Kh1 Qh6 27. Bh3 exf4 28. exf4 Rae8 29. Rg2 Nf6 30. Rg5 Re7 31. Qg2 Ng4 32. Rxg7 Rxg7 33. Bxg4 fxg4 34. Qe4 Bf5 35. Qe7 Rg8 36. Bxg7+ Qxg7 37. Qxh4+ Bh7 38. Re7 Qg6 39. Qe1 g3 40. Qc3+ Rg7 41. Rxg7 Qxg7 42. Qxg7+ Kxg7 43. hxg3 c5 44. Nd5 Bxd3 45. Nb6 Kf6 46. Kg2 Kf5 47. Kf3 Be4+ 48. Ke3 Bc6 49. Kf2 Ke4 50. Ke2 Be8 51. Nd5 Bf7 52. Ne3 b6 53. f5 Ke5 54. g4 Kf4 55. Kd3 Bg8 56. Nd5+ Kxg4 57. Nf6+ Kxf5 58. Nxg8 Ke6 59. Nh6 Ke5 60. Ng4+ Kf4 61. Nf6 Kf3 62. Nd5 Kf2 63. Nxb6 1-0


[Site "https://www.chess.com"]

[Event "Titled Tuesday Blitz August 23 Early 2022"]
[White "Tasev, Dejan"]
[Black "Pap, Gyula"]
[WhiteFideId "936618"]
[BlackFideId "725323"]
[WhiteElo "2253"]
[BlackElo "2553"]
[Result "0-1"]
[Round "02"]
[TimeControl "180+1"]
[Date "2022.08.23"]
[WhiteClock "0:00:12"]
[BlackClock "0:00:59"]

1. e4 e5 2. Nf3 Nf6 3. Nxe5 d6 4. Nf3 Nxe4 5. Nc3 Nf6 6. d4 Be7 7. Bd3 Bg4 8. h3 Bh5 9. Be3 O-O 10. Qd2 a6 11. g4 Bg6 12. O-O-O b5 13. g5 b4 14. gxf6 bxc3 15. Qxc3 Bxf6 16. h4 Bh5 17. Rh3 c5 18. Rg1 Nc6 19. Bg5 Bxf3 20. Bxf6 Qxf6 21. Rxf3 Qh6+ 22. Kb1 Nxd4 23. Rfg3 g6 24. Rh3 Qh5 25. a3 Rae8 26. Bxa6 Re4 27. Bd3 Rxh4 28. Rxh4 Qxh4 29. f3 Nxf3 30. Rf1 Ne5 31. a4 Qxa4 32. Rf6 Ra8 33. Kc1 Qa1+ 34. Kd2 Qh1 35. Rxd6 Nf3+ 36. Ke3 Re8+ 37. Be4 Ng5 0-1


[Site "https://www.chess.com"]

[Event "Titled Tuesday Blitz August 23 Early 2022"]
[White "Tologon tegin, Semetei"]
[Black "Paravyan, David"]
[WhiteFideId "13800574"]
[BlackFideId "4194985"]
[WhiteElo "2174"]
[BlackElo "2569"]
[Result "0-1"]
[Round "02"]
[TimeControl "180+1"]
[Date "2022.08.23"]
[WhiteClock "0:00:04"]
[BlackClock "0:00:08"]

1. g3 Nf6 2. Bg2 e5 3. d3 d5 4. Nf3 Bd6 5. c4 dxc4 6. dxc4 O-O 7. O-O h6 8. Nc3 Nc6 9. Qc2 Be6 10. Nb5 Bc5 11. b3 a6 12. Nc3 Qe7 13. e3 Rad8 14. a3 Ba7 15. Bb2 Rfe8 16. h3 Qd7 17. Rad1 Qc8 18. Kh2 Bf5 19. e4 Bh7 20. Rxd8 Rxd8 21. Qe2 Nd4 22. Nxd4 Bxd4 23. Nd5 Nxd5 24. cxd5 Bxb2 25. Qxb2 f6 26. Qc3 Qd7 27. Rc1 c6 28. dxc6 Qxc6 29. Qxc6 bxc6 30. Rxc6 a5 31. Rc5 Rd2 32. Kg1 Rd1+ 33. Kh2 Rb1 34. Rxa5 Rxb3 35. f3 Bg6 36. g4 Bf7 37. Kg3 Bc4 38. a4 Bd3 39. Ra7 Bxe4 40. a5 Kh7 41. h4 Ra3 42. Kf2 Bd5 43. h5 Ra2+ 44. Kg3 Ra3 45. Kf2 Bc4 46. Rc7 Ra2+ 47. Kg3 Bd3 48. Rc5 Ra3 49. Kf2 Ra2+ 50. Kg3 Ra3 51. Kf2 Ba6 52. Kg3 Ra2 53. Bh3 Ra3 54. g5 hxg5 55. Bf5+ Kh6 56. Bg6 g4 57. Kxg4 Be2 58. Kf5 Bxf3 59. Ke6 Bxh5 60. Bxh5 Kxh5 61. Kd6 Kg4 62. Kc6 e4 63. Kb6 e3 64. Rc7 g5 65. Re7 f5 66. a6 f4 67. a7 Kf3 68. Kb7 Rxa7+ 69. Kxa7 g4 70. Kb6 g3 71. Kc5 g2 72. Rg7 e2 73. Kd4 e1=Q 0-1


[Site "https://www.chess.com"]

[Event "Titled Tuesday Blitz August 23 Early 2022"]
[White "Tristan, Leonardo"]
[Black "Kim, Sergey"]
[WhiteFideId "113816"]
[BlackFideId "13700570"]
[WhiteElo "2404"]
[BlackElo "2608"]
[Result "1-0"]
[Round "02"]
[TimeControl "180+1"]
[Date "2022.08.23"]
[WhiteClock "0:01:35"]
[BlackClock "0:01:03"]

1. d4 Nf6 2. Nf3 g6 3. Bf4 Bg7 4. e3 d6 5. Be2 O-O 6. O-O b6 7. h3 Bb7 8. Bh2 Nbd7 9. a4 a5 10. Nbd2 Ne4 11. Nxe4 Bxe4 12. Nd2 Bb7 13. Bf3 Qc8 14. c3 e5 15. Qb3 Re8 16. Rfd1 e4 17. Be2 Nf6 18. Bb5 Re7 19. Rac1 Qf5 20. Nf1 h5 21. Be2 h4 22. c4 g5 23. c5 Bd5 24. Qa3 dxc5 25. dxc5 Rae8 26. cxb6 cxb6 27. Bb5 g4 28. Bxe8 Rxe8 29. hxg4 Nxg4 30. Bf4 Bh6 31. Qd6 Re6 32. Rxd5 1-0


[Site "https://www.chess.com"]

[Event "Titled Tuesday Blitz August 23 Early 2022"]
[White "Vlachos, Anatole"]
[Black "Pranesh M"]
[WhiteFideId "26093189"]
[BlackFideId "35028600"]
[WhiteElo "2343"]
[BlackElo "1926"]
[Result "1/2-1/2"]
[Round "02"]
[TimeControl "180+1"]
[Date "2022.08.23"]
[WhiteClock "0:00:15"]
[BlackClock "0:01:30"]

1. Nf3 Nf6 2. g3 d5 3. Bg2 Bf5 4. O-O h6 5. d3 c6 6. Nbd2 Nbd7 7. Qe1 Bh7 8. e4 dxe4 9. dxe4 e5 10. Qe2 Qc7 11. b3 a5 12. a4 Bb4 13. Bb2 O-O 14. c3 Bc5 15. Nh4 Rfe8 16. Nf5 Bxf5 17. exf5 e4 18. Nc4 b5 19. axb5 cxb5 20. Ne3 a4 21. Qxb5 a3 22. Bc1 Reb8 23. Qe2 Rxb3 24. Qc2 Rab8 25. c4 Ne5 26. Bxe4 Bd4 27. Rxa3 Rxa3 28. Bxa3 Bxe3 29. fxe3 Qxc4 30. Bd6 Re8 31. Bxe5 Qxe4 32. Qxe4 Nxe4 33. Bd4 Rc8 34. Rf4 Ng5 35. Kg2 f6 36. h4 Nf7 37. Rf2 Nd6 38. g4 Ne4 39. Ra2 h5 40. Kf3 Nd6 41. Ra6 hxg4+ 42. Kxg4 Ne4 43. Kf4 Nf2 44. Ra7 Re8 45. h5 Nd3+ 46. Kf3 Ne5+ 47. Bxe5 Rxe5 48. e4 Rb5 49. Ra6 Kh7 50. Ra2 Kh6 51. Rg2 Rb7 52. Kg4 Re7 53. Kf4 Rb7 54. Rg6+ Kxh5 55. Rg2 g5+ 56. fxg6 Kh6 57. Kf5 Kg7 58. Rd2 Rb5+ 59. Rd5 Rb7 60. Rc5 Ra7 61. Rd5 Re7 62. Rc5 Rd7 63. e5 fxe5 64. Rxe5 Ra7 65. Kg5 Rb7 66. Rf5 Rc7 67. Rf7+ Rxf7 68. gxf7 Kxf7 1/2-1/2


[Site "https://www.chess.com"]

[Event "Titled Tuesday Blitz August 23 Early 2022"]
[White "Vrbljanac, Aleksandar"]
[Black "Boros, Denes"]
[WhiteFideId "932817"]
[BlackFideId "722340"]
[WhiteElo "2309"]
[BlackElo "2464"]
[Result "0-1"]
[Round "02"]
[TimeControl "180+1"]
[Date "2022.08.23"]
[WhiteClock "0:00:05"]
[BlackClock "0:00:35"]

1. e4 Nc6 2. Nf3 g6 3. d4 Bg7 4. Nc3 d6 5. h3 a6 6. Be3 e5 7. Qd2 b5 8. a3 Nf6 9. dxe5 dxe5 10. Qxd8+ Nxd8 11. O-O-O O-O 12. g4 Bb7 13. Bd3 Re8 14. g5 Nh5 15. Ne2 Ne6 16. c3 Nhf4 17. Bxf4 exf4 18. Rhe1 Nc5 19. Nxf4 Nxe4 20. Bxe4 Rxe4 21. Rxe4 Bxe4 22. Nd2 Bf5 23. Re1 h6 24. h4 Rd8 25. Re7 Bf8 26. Re1 a5 27. Nf3 Bc5 28. gxh6 f6 29. Ne6 Bxe6 30. Rxe6 Kf7 31. Rc6 Bd6 32. Nd4 b4 33. axb4 axb4 34. Kc2 Rh8 35. Nb5 bxc3 36. Nxd6+ cxd6 37. Kxc3 Ke6 38. b4 Rxh6 39. b5 Rxh4 40. b6 Rh1 41. Kc2 Rh5 42. b7 Rb5 43. Rc7 g5 44. Kd3 Rb2 45. Ke3 f5 46. f3 Ke5 47. Rg7 Rb3+ 48. Ke2 Kf4 49. Rd7 Rb2+ 50. Ke1 Ke3 51. Kd1 Kxf3 52. Kc1 Rb6 53. Kd1 f4 54. Ke1 g4 55. Rxd6 Rxb7 56. Rd3+ Ke4 57. Ra3 g3 58. Kf1 Rb2 59. Ra4+ Kf3 60. Ra3+ Kg4 61. Kg1 Kh3 62. Kf1 Kh2 63. Ke1 g2 64. Rf3 g1=Q+ 65. Rf1 Qe3+ 66. Kd1 Qd2# 0-1


[Site "https://www.chess.com"]

[Event "Titled Tuesday Blitz August 23 Early 2022"]
[White "Xu, Yi"]
[Black "Dimitrov, Atanas"]
[WhiteFideId "8605564"]
[BlackFideId "2901315"]
[WhiteElo "2471"]
[BlackElo "2620"]
[Result "1-0"]
[Round "02"]
[TimeControl "180+1"]
[Date "2022.08.23"]
[WhiteClock "0:00:41"]
[BlackClock "0:00:54"]

1. e4 c5 2. Nf3 d6 3. d4 cxd4 4. Nxd4 Nf6 5. Nc3 g6 6. Be3 Bg7 7. f3 Nc6 8. Qd2 Bd7 9. Bc4 Ne5 10. Bb3 Rc8 11. O-O-O O-O 12. Kb1 Nc4 13. Bxc4 Rxc4 14. g4 b5 15. b3 Rc8 16. Ncxb5 Bxb5 17. Nxb5 a6 18. Nd4 h5 19. gxh5 Nxh5 20. Bh6 Qb6 21. Bxg7 Kxg7 22. Nf5+ Kf6 23. Rhg1 Ke6 24. Ne3 Kd7 25. e5 Rc6 26. exd6 exd6 27. Rg4 Nf6 28. Nc4 Qc5 29. Rd4 Ne8 30. Rd5 Qa7 31. Ne5+ Kc7 32. Nxc6 Kxc6 33. Rxd6+ 1-0


[Site "https://www.chess.com"]

[Event "Titled Tuesday Blitz August 23 Early 2022"]
[White "Yurovskykh, Oleksandr"]
[Black "Salinas Herrera, Pablo"]
[WhiteFideId "14134020"]
[BlackFideId "3407128"]
[WhiteElo "2292"]
[BlackElo "2542"]
[Result "0-1"]
[Round "02"]
[TimeControl "180+1"]
[Date "2022.08.23"]
[WhiteClock "0:00:07"]
[BlackClock "0:00:12"]

1. d4 d5 2. Bf4 Nf6 3. e3 e6 4. Nd2 Bd6 5. Bg3 O-O 6. Bd3 c5 7. c3 Qc7 8. dxc5 Qxc5 9. Ngf3 Nbd7 10. Qe2 e5 11. e4 dxe4 12. Nxe4 Nxe4 13. Bxe4 Nf6 14. O-O Nxe4 15. Qxe4 f5 16. Qe2 f4 17. Bh4 h6 18. Qc2 Bf5 19. Qb3+ Rf7 20. Rfe1 Re8 21. Rad1 Be6 22. Qc2 Bg4 23. Qg6 Bxf3 24. Qxd6 Qxd6 25. Rxd6 Bc6 26. f3 a6 27. Bf2 Rfe7 28. Bc5 Rc7 29. Bb6 Rce7 30. Bc5 Rc7 31. Bb6 Rf7 32. Kf2 Kh7 33. Rd2 Kg6 34. Rde2 Kf5 35. c4 g5 36. Ba5 h5 37. Bc3 Rfe7 38. h3 e4 39. fxe4+ Bxe4 40. Rd2 g4 41. hxg4+ hxg4 42. Rd6 g3+ 43. Kg1 Kg4 44. Rf1 Re6 45. Rd4 Rf8 46. Bd2 Rff6 47. b4 f3 48. gxf3+ Rxf3 49. Re1 Kf5 50. Re3 Rxe3 51. Bxe3 Kg4 52. Bd2 Kf3 53. Be1 Rh6 54. Bxg3 Rg6 55. Kh2 Rxg3 56. Rxe4 Kxe4 57. Kxg3 Kd4 58. c5 Kc4 59. a3 Kb3 60. Kf4 Kxa3 61. Ke5 Kxb4 62. Kd6 a5 63. c6 bxc6 64. Kxc6 a4 65. Kd5 a3 66. Kd4 a2 67. Kd3 a1=Q 68. Ke4 0-1


[Site "https://www.chess.com"]

[Event "Titled Tuesday Blitz August 23 Early 2022"]
[White "Alekseenko, Kirill"]
[Black "Kosteniuk, Alexandra"]
[WhiteFideId "4135539"]
[BlackFideId "4128125"]
[WhiteElo "2682"]
[BlackElo "2469"]
[Result "1-0"]
[Round "03"]
[TimeControl "180+1"]
[Date "2022.08.23"]
[WhiteClock "0:00:13"]
[BlackClock "0:00:06"]

1. e4 e5 2. Nf3 Nc6 3. Bc4 Bc5 4. d3 Nf6 5. Nc3 a6 6. a4 h6 7. h3 d6 8. Be3 Be6 9. Nd2 Qd7 10. O-O Nb4 11. Bxc5 dxc5 12. f4 exf4 13. Rxf4 O-O-O 14. Rf2 Qd6 15. Bxe6+ Qxe6 16. Nc4 h5 17. Qf3 Rd7 18. Raf1 h4 19. e5 Nh5 20. Ne4 Qc6 21. Qg4 Kb8 22. Qxh4 Rdd8 23. Qg4 g6 24. Re2 Rhf8 25. Qg5 Ng7 26. Rf6 Ne6 27. Qe3 Nd5 28. Qg3 Qxa4 29. Rf1 Nd4 30. Ref2 Nxc2 31. Nxc5 Qb4 32. Nxa6+ bxa6 33. Rxc2 Qc5+ 34. Kh2 Nb4 35. Rc3 Ka7 36. Ra1 Qd4 37. e6 Nd5 38. Ne5 Qf4 39. Qxf4 Nxf4 40. e7 1-0


[Site "https://www.chess.com"]

[Event "Titled Tuesday Blitz August 23 Early 2022"]
[White "Andreikin, Dmitry"]
[Black "Santos Ruiz, Miguel"]
[WhiteFideId "4158814"]
[BlackFideId "22291482"]
[WhiteElo "2736"]
[BlackElo "2478"]
[Result "1-0"]
[Round "03"]
[TimeControl "180+1"]
[Date "2022.08.23"]
[WhiteClock "0:00:24"]
[BlackClock "0:00:05"]

1. d4 Nf6 2. Nf3 d5 3. c4 e6 4. e3 b6 5. Nc3 Bd6 6. Bd3 Bb7 7. O-O Nbd7 8. Qe2 dxc4 9. Bxc4 c5 10. dxc5 Bxc5 11. e4 O-O 12. Bf4 Qe7 13. Rad1 h6 14. a3 a5 15. e5 Nh5 16. Bc1 Bxf3 17. gxf3 Rad8 18. f4 Qh4 19. Qf3 g6 20. Bb5 Nb8 21. Ne4 Be7 22. Kg2 Ng7 23. Ng3 h5 24. h3 Bc5 25. Be3 Bxe3 26. Qxe3 Rxd1 27. Rxd1 Rd8 28. Rd6 Rxd6 29. exd6 Qd8 30. Qd4 Nd7 31. Bxd7 Qxd7 32. Ne4 Ne8 33. Qxb6 f5 34. Nc5 Qxd6 35. Qxd6 Nxd6 36. Nxe6 Nc4 37. b4 a4 38. Nc5 Nxa3 39. Nxa4 Kf7 40. Nc5 Nb5 41. Kg3 Kf6 42. Kh4 Nd4 43. Nd7+ Ke7 44. Ne5 Kf6 45. Kg3 Ne2+ 46. Kf3 Nd4+ 47. Kg2 Ne6 48. Nd3 Ke7 49. b5 Kd6 50. Kg3 Nd4 51. b6 Kc6 52. Ne5+ Kxb6 53. Nxg6 Kc5 54. Kh4 Kd5 55. Kxh5 Ke4 56. h4 Kf3 57. Kg5 Kxf2 58. h5 Ne6+ 59. Kxf5 Ng7+ 60. Kg4 1-0


[Site "https://www.chess.com"]

[Event "Titled Tuesday Blitz August 23 Early 2022"]
[White "Bharath Subramaniyam H"]
[Black "Martin Carmona, Gaston Manuel"]
[WhiteFideId "46634827"]
[BlackFideId "22284567"]
[WhiteElo "2346"]
[BlackElo "2162"]
[Result "0-1"]
[Round "03"]
[TimeControl "180+1"]
[Date "2022.08.23"]
[WhiteClock "0:00:05"]
[BlackClock "0:00:37"]

1. e4 c5 2. Nf3 d6 3. Bb5+ Bd7 4. c4 a6 5. Bxd7+ Nxd7 6. Nc3 Ngf6 7. d4 cxd4 8. Qxd4 g6 9. b3 Bg7 10. Bb2 O-O 11. O-O Rc8 12. Rac1 Qa5 13. Nd5 Rfe8 14. Bc3 Qxa2 15. Nd2 Qa3 16. Nb4 Qa5 17. Ra1 Qh5 18. h3 Nc5 19. Nd5 Ne6 20. Qa7 Nxd5 21. exd5 Bxc3 22. dxe6 Bxd2 23. exf7+ Kxf7 24. Qxb7 a5 25. Rfd1 Bb4 26. Rd5 Qh6 27. Qd7 Qg7 28. Ra2 Qf6 29. Re2 Rc5 30. Rd3 Rf5 31. Qb7 Bc5 32. Rdd2 Kg8 33. Qd7 Rf8 34. Rxe7 Rxf2 35. Rxf2 Qxf2+ 36. Kh2 Qf4+ 37. Kh1 Qc1+ 38. Kh2 Bg1+ 39. Kg3 Qg5+ 40. Qg4 Qxg4+ 41. Kxg4 Bc5 42. Kg5 Rf5+ 43. Kg4 Rf2 44. g3 Rb2 45. Rb7 a4 46. Rb8+ Kg7 47. Rb7+ Kf6 48. Rxh7 axb3 49. Kf4 Rc2 50. Ke4 Rxc4+ 51. Kd5 Rb4 52. Kc6 b2 0-1


[Site "https://www.chess.com"]

[Event "Titled Tuesday Blitz August 23 Early 2022"]
[White "Bluebaum, Matthias"]
[Black "Skliarov, Viktor"]
[WhiteFideId "24651516"]
[BlackFideId "14106736"]
[WhiteElo "2603"]
[BlackElo "2257"]
[Result "1-0"]
[Round "03"]
[TimeControl "180+1"]
[Date "2022.08.23"]
[WhiteClock "0:00:40"]
[BlackClock "0:00:04"]

1. d4 Nf6 2. c4 e6 3. Nc3 Bb4 4. e3 b6 5. Bd2 Bb7 6. Nf3 O-O 7. Bd3 Bxc3 8. Bxc3 Ne4 9. Bxe4 Bxe4 10. d5 Bxf3 11. gxf3 d6 12. f4 Nd7 13. Rg1 e5 14. fxe5 Nxe5 15. f4 Qh4+ 16. Kf1 Qh3+ 17. Rg2 Ng6 18. Qg4 Qxg4 19. Rxg4 f5 20. Rg3 Kf7 21. Ke2 Rae8 22. Kd3 Rg8 23. Rag1 Re7 24. h4 Nxh4 25. Rh1 Ng6 26. Rxh7 Nf8 27. Rgxg7+ Rxg7 28. Rxg7+ Ke8 29. Rg5 Rf7 30. Rh5 a5 31. b3 Nd7 32. Bd4 Nc5+ 33. Ke2 Ne4 34. Kf3 Kd7 35. Rh8 Nd2+ 36. Kg3 Ne4+ 37. Kh4 Ke7 38. Kh5 Kd7 39. Kg6 Ke7 40. Rc8 Kd7 41. Rxc7+ Kxc7 42. Kxf7 1-0


[Site "https://www.chess.com"]

[Event "Titled Tuesday Blitz August 23 Early 2022"]
[White "Boros, Denes"]
[Black "Sirosh, Ilja"]
[WhiteFideId "722340"]
[BlackFideId "4500458"]
[WhiteElo "2464"]
[BlackElo "2255"]
[Result "1-0"]
[Round "03"]
[TimeControl "180+1"]
[Date "2022.08.23"]
[WhiteClock "0:00:40"]
[BlackClock "0:00:17"]

1. d4 d5 2. Nc3 Nf6 3. Nf3 a6 4. Bg5 c5 5. dxc5 e6 6. e4 dxe4 7. Qxd8+ Kxd8 8. Nxe4 Be7 9. O-O-O+ Nbd7 10. Nd6 Rf8 11. Ne5 h6 12. Nexf7+ Kc7 13. Bf4 Kc6 14. b4 Nd5 15. Bd2 Bxd6 16. Nxd6 Rxf2 17. c4 Rxd2 18. Rxd2 Nxb4 19. a3 a5 20. axb4 axb4 21. Nxc8 Ra1+ 22. Kb2 Nxc5 23. Rd6+ Kc7 24. Kxa1 1-0


[Site "https://www.chess.com"]

[Event "Titled Tuesday Blitz August 23 Early 2022"]
[White "Chigaev, Maksim"]
[Black "Munkhgal, Gombosuren"]
[WhiteFideId "4108116"]
[BlackFideId "4901266"]
[WhiteElo "2487"]
[BlackElo "2576"]
[Result "1-0"]
[Round "03"]
[TimeControl "180+1"]
[Date "2022.08.23"]
[WhiteClock "0:00:29"]
[BlackClock "0:00:05"]

1. e4 e6 2. d4 d5 3. Nd2 c5 4. Ngf3 cxd4 5. Nxd4 Nc6 6. Bb5 Bd7 7. Nxc6 Bxc6 8. Bd3 Nf6 9. Qe2 dxe4 10. Nxe4 Nxe4 11. Bxe4 Qc7 12. Bd2 Be7 13. O-O-O Bxe4 14. Qxe4 O-O-O 15. Bc3 Bf6 16. Bxf6 gxf6 17. Kb1 f5 18. Qe3 Kb8 19. g3 a6 20. a3 Rxd1+ 21. Rxd1 Rd8 22. Rd4 Rxd4 23. Qxd4 Qc8 24. h4 Qg8 25. Kc1 Qg6 26. Kd2 Qh6+ 27. Qf4+ Qxf4+ 28. gxf4 Kc7 29. c4 f6 30. Kd3 e5 31. c5 Kc6 32. Kc4 h5 33. b4 Kd7 34. fxe5 fxe5 35. Kd5 e4 36. Ke5 Kc6 37. Kxf5 Kd5 38. Kg5 Ke5 39. Kxh5 Kf4 40. Kg6 Kf3 41. Kf5 Kxf2 42. Kxe4 1-0


[Site "https://www.chess.com"]

[Event "Titled Tuesday Blitz August 23 Early 2022"]
[White "Csonka, Balazs"]
[Black "Le, Tuan Minh"]
[WhiteFideId "742910"]
[BlackFideId "12401153"]
[WhiteElo "2404"]
[BlackElo "2530"]
[Result "0-1"]
[Round "03"]
[TimeControl "180+1"]
[Date "2022.08.23"]
[WhiteClock "0:00:01"]
[BlackClock "0:00:09"]

1. d4 d5 2. c4 c6 3. Nc3 Nf6 4. Nf3 a6 5. c5 Nbd7 6. Bf4 Nh5 7. Bd2 g6 8. e4 dxe4 9. Nxe4 Ndf6 10. Nxf6+ exf6 11. Bc4 Qe7+ 12. Be3 Bh6 13. Qd2 Ng7 14. O-O Bxe3 15. fxe3 Be6 16. b3 O-O 17. Rae1 f5 18. Ne5 Rad8 19. Qf2 f6 20. Nd3 Rfe8 21. Nf4 Bf7 22. h4 g5 23. hxg5 fxg5 24. Nd3 Bd5 25. Ne5 Qe6 26. e4 Bxc4 27. bxc4 Rf8 28. Qe3 f4 29. Qc3 Nh5 30. d5 Qf6 31. Rc1 Ng3 32. Rfe1 Rfe8 33. Ng4 Qxc3 34. Rxc3 Kg7 35. Nf2 cxd5 36. cxd5 Rxd5 37. Rb1 Rd7 38. c6 bxc6 39. Rxc6 h5 40. Rxa6 g4 41. Rbb6 Kg8 42. Rg6+ Rg7 43. Rxg7+ Kxg7 44. Ra7+ Kg6 45. Ra6+ Kg5 46. Ra5+ Kh4 47. Rc5 Rb8 48. Nd3 Rb1+ 49. Nc1 Ne2+ 50. Kf2 Nxc1 51. Rc3 Rb2+ 52. Kf1 Ne2 53. Rb3 Ng3+ 54. Ke1 Rxa2 55. e5 Re2+ 56. Kd1 Rxe5 57. Rb4 Re4 58. Rb5 f3 59. gxf3 gxf3 60. Rg5 f2 0-1


[Site "https://www.chess.com"]

[Event "Titled Tuesday Blitz August 23 Early 2022"]
[White "Deac, Bogdan-Daniel"]
[Black "Harshavardhan G B"]
[WhiteFideId "1226380"]
[BlackFideId "25059009"]
[WhiteElo "2648"]
[BlackElo "1890"]
[Result "0-1"]
[Round "03"]
[TimeControl "180+1"]
[Date "2022.08.23"]
[WhiteClock "0:00:03"]
[BlackClock "0:00:19"]

1. Nf3 Nf6 2. g3 g6 3. b3 Bg7 4. Bb2 d5 5. c4 c6 6. Bg2 O-O 7. O-O Bg4 8. d3 Nbd7 9. Nbd2 Re8 10. h3 Bxf3 11. Nxf3 e5 12. cxd5 Nxd5 13. Qd2 a5 14. a3 Qe7 15. Qc2 a4 16. b4 e4 17. dxe4 Qxe4 18. Qxe4 Rxe4 19. Bxg7 Kxg7 20. e3 Rc4 21. Rfc1 Rxc1+ 22. Rxc1 Rc8 23. Nd4 Ne7 24. Bf3 h5 25. Bd1 Ra8 26. g4 hxg4 27. hxg4 Ne5 28. f4 Nd7 29. Bf3 Nf6 30. g5 Nfd5 31. Kf2 Rd8 32. Rd1 Rh8 33. Rh1 Rd8 34. Ne2 Nb6 35. Nd4 Nc4 36. Ra1 Rh8 37. Be2 Nd6 38. Bd3 Nd5 39. Nf3 Nc3 40. Rc1 Ncb5 41. Ra1 Nc3 42. Rc1 Nce4+ 43. Kg2 Re8 44. Nd4 Nd2 45. Kf2 N2e4+ 46. Kf3 Nd2+ 47. Ke2 N2e4 48. Rh1 Ng3+ 0-1


[Site "https://www.chess.com"]

[Event "Titled Tuesday Blitz August 23 Early 2022"]
[White "Ezat, Mohamed"]
[Black "Koustav, Chatterjee"]
[WhiteFideId "10600906"]
[BlackFideId "25073060"]
[WhiteElo "2386"]
[BlackElo "2242"]
[Result "1-0"]
[Round "03"]
[TimeControl "180+1"]
[Date "2022.08.23"]
[WhiteClock "0:00:51"]
[BlackClock "0:00:12"]

1. d4 Nf6 2. c4 e6 3. Nf3 d5 4. Nc3 Bb4 5. Qa4+ Nc6 6. Ne5 Bd7 7. Nxd7 Nxd7 8. e3 Nb6 9. Qb3 dxc4 10. Bxc4 Nxc4 11. Qxc4 Qd5 12. Qxd5 Bxc3+ 13. bxc3 exd5 14. Rb1 O-O-O 15. Ke2 Rhe8 16. Kd3 Na5 17. f3 f5 18. h3 Nc4 19. g4 g6 20. gxf5 gxf5 21. Rg1 Re7 22. Rg5 Rf8 23. Bd2 c6 24. Rbg1 Kd7 25. Rg7 Rff7 26. Rxf7 Rxf7 27. Rg5 Ke6 28. Rh5 b5 29. Bc1 a5 30. Rh6+ Kd7 31. Rh5 a4 32. Rg5 Ke6 33. Rg8 Kd7 34. h4 Kd6 35. h5 Rf6 36. Rg5 Re6 37. Rxf5 Ke7 38. e4 Ke8 39. e5 Re7 40. Rg5 Rf7 41. f4 h6 42. Rg6 Rf5 43. Rxh6 Kd7 44. Rh8 Ke6 45. Ke2 Rf7 46. Kf3 Rg7 47. Rh6+ Kd7 48. Rg6 Rh7 49. h6 Ke7 50. f5 1-0


[Site "https://www.chess.com"]

[Event "Titled Tuesday Blitz August 23 Early 2022"]
[White "Gholami Orimi, Mahdi"]
[Black "Korchmar, Vasiliy"]
[WhiteFideId "12558486"]
[BlackFideId "24131750"]
[WhiteElo "2354"]
[BlackElo "2370"]
[Result "1-0"]
[Round "03"]
[TimeControl "180+1"]
[Date "2022.08.23"]
[WhiteClock "0:01:01"]
[BlackClock "0:00:01"]

1. d4 d5 2. c4 c6 3. Nf3 Nf6 4. g3 g6 5. Bg2 Bg7 6. O-O O-O 7. Ne5 Ng4 8. cxd5 cxd5 9. Bf4 Nxe5 10. Bxe5 Bxe5 11. dxe5 Nc6 12. Bxd5 Bh3 13. Re1 Nxe5 14. Qb3 e6 15. Bh1 Qe7 16. Nc3 Rfd8 17. Ne4 Rac8 18. Rad1 Rxd1 19. Rxd1 Rd8 20. Re1 Bf5 21. Qc3 Bxe4 22. Bxe4 Nc6 23. Bxc6 Rc8 24. Qa5 Rxc6 25. Qxa7 Rc2 26. Qd4 e5 27. Qb6 Kg7 28. a4 h5 29. h4 Qd7 30. Qe3 Qd4 31. Qxd4 exd4 32. b3 Rb2 33. Rd1 1-0


[Site "https://www.chess.com"]